 Dungeon Sprint DCSS version 0.28-a0-1389-gc726bef33b (webtiles) character file.

Game seed: 5248934640248239721

0 DarkBird the Skirmisher (level 1, -2/27 HPs)
             Began as a Demonspawn Monk on Jan 4, 2022.
             Slain by a river rat (9 damage)
             ... in the Dungeon (Sprint IV: "Fedhas' Mad Dash").
             The game lasted 00:00:43 (38 turns).

DarkBird the Skirmisher (Demonspawn Monk)             Turns: 38, Time: 00:00:44

Health: -2/27      AC:  2    Str: 11    XL:     1   Next: 8%
Magic:  1/1        EV: 13    Int: 11    God:
Gold:   0          SH:  0    Dex: 15    Spells: 0/0 levels left

rFire   . . .      SeeInvis .   a - +0 spear
rCold   . . .      Faith    .   (no shield)
rNeg    . . .      Spirit   .   b - +0 robe
rPois   .          Reflect  .   (no helmet)
rElec   .          Harm     .   (no cloak)
rCorr   .          Rampage  .   (no gloves)
Will    .....      NoTele   +   (no boots)
Stlth   ..........              (no amulet)
HPRegen 0.09/turn               (no ring)
MPRegen 0.07/turn               (no ring)

@: berserking, very quick
A: no striking features
a: no special abilities


You were in the Dungeon.
You visited 1 branch

Inventory:

Hand Weapons
 a - a +0 spear (weapon)
Armour
 b - a +0 robe (worn)
Scrolls
 h - a scroll of blinking
Potions
 c - a potion of curing
 d - a potion of heal wounds
 e - a potion of haste
 f - 2 potions of magic


   Skills:
 + Level 3.1 Fighting
 + Level 2.8 Polearms
 + Level 2.8 Dodging
 + Level 1.8 Stealth


You couldn't memorise any spells.
You didn't know any spells.
Your spell library was empty.

Dungeon Overview and Level Annotations

Branches:
Dungeon (1/1)

Altars:


Message History

Press: ? - help, Dir - move target, f - river rat
Aim: a river rat (about 40% to evade your +0 spear)
You hit the river rat.
The river rat is lightly wounded.
The river rat bites you!
Reach: a) +0 spear
Press: ? - help, Dir - move target, f/p - river rat
Aim: a river rat (lightly wounded, about 40% to evade your +0 spear)
You barely miss the river rat.
The river rat is lightly wounded.
The river rat misses you.
Reach: a) +0 spear
Press: ? - help, Dir - move target, f - rat, p - river rat
Aim: a rat (about 37% to evade your +0 spear)
You reach to attack!
You hit the rat.
The rat is moderately wounded.
The river rat closely misses you.
Reach: a) +0 spear
Press: ? - help, Dir - move target, f - river rat, p - rat
Aim: a river rat (about 40% to evade your +0 spear)
You closely miss the river rat. The rat misses you. The river rat bites you.
Unknown command.
Reach: a) +0 spear
Press: ? - help, Dir - move target, f/p - river rat
Aim: a river rat (about 40% to evade your +0 spear)
You closely miss the river rat. The rat barely misses you.
The river rat misses you.
Reach: a) +0 spear
Press: ? - help, Dir - move target, f - rat, p - river rat
Aim: a rat (moderately wounded, about 37% to evade your +0 spear)
You hit the rat.
You kill the rat!
The river rat bites you.
* * * LOW HITPOINT WARNING * * *
A red film seems to cover your vision as you go berserk!
You feel yourself moving faster!
You feel mighty! The river rat misses you.
You completely miss the river rat.
The river rat twitches its whiskers.
The river rat bites you!
You die...

############
#<...#.r...#
#....'@)...+
#....#.....#
############


You could see a river rat.

Vanquished Creatures
  A rat (D)
1 creature vanquished.

Vanquished Creatures (others)
  7 fungi (D)
7 creatures vanquished.

Grand Total: 8 creatures vanquished

Notes
Turn   | Place    | Note
-------+----------+-------------------------------------------
     0 | D        | DarkBird the Demonspawn Monk began the quest for the Orb.
     0 | D        | Reached XP level 1. HP: 18/18 MP: 1/1
    38 | D        | Slain by a river rat

Illustrated notes

Levels and vault maps discovered:
D:        dungeon_sprint_fedhas [sprint_temple]

Action                   || total
-------------------------++-------
Melee: Spear             ||    18
  Use: Potion            ||     1
Dodge: Dodged            ||     6

Table legend: (Time is in decaauts)
 A = Elapsed time spent in this place.
 B = Non-inter-level travel time spent in this place.
 C = Inter-level travel time spent in this place.
 D = Time resting spent in this place.
 E = Time spent auto-exploring this place.
 F = Levels seen in this place.
 G = Mean time per level.
                   A        B        C        D        E       F      G
               +--------+--------+--------+--------+--------+-----+--------+
         Total |     37 |     35 |      2 |      0 |      0 |   1 |   37.0 |
       Dungeon |     37 |     35 |      2 |      0 |      0 |   1 |   37.0 |
               +--------+--------+--------+--------+--------+-----+--------+

Top non-repeatable levels by time:
       D: 37 daAuts
